 Dungeon Crawl Stone Soup version 0.21-a0-2-ge494091 (webtiles) character file.

1199 mcbry the Archer (level 8, -5/100 HPs)
             Began as a Centaur Hunter on May 22, 2017.
             Was an Initiate of Okawaru.
             Slain by a hippogriff (6 damage)
             ... on level 5 of the Dungeon.
             The game lasted 00:36:15 (6854 turns).

mcbry the Archer (Centaur Hunter)                   Turns: 6854, Time: 00:36:16

Health: -5/100     AC: 24    Str: 15    XL:     8   Next: 20%
Magic:  8/8        EV:  1    Int: 10    God:    Okawaru [......]
Gold:   160        SH:  0    Dex: 12    Spells: 7/7 levels left

rFire    . . .     SeeInvis .   A - +0 falchion
rCold    . . .     Gourm    .   (no shield)
rNeg     + + +     Faith    .   (armour currently unavailable)
rPois    +         Spirit   .   (helmet currently unavailable)
rElec    .         Reflect  .   (cloak currently unavailable)
rCorr    .         Harm     .   (gloves currently unavailable)
MR       .....     NoTele   +   (no barding)
Stlth    +.........             (no amulet)
Regen    0.3/turn               B - ring of wizardry
MPRegen  0.2/turn               (no ring)

@: tree-form, fainting
A: no striking features
a: Renounce Religion


You were on level 5 of the Dungeon.
You worshipped Okawaru.
Okawaru was noncommittal.
You were fainting.
You were a tree.
You visited 2 branches of the dungeon, and saw 6 of its levels.
You also visited: Ossuary.

You collected 160 gold pieces.

Inventory:

Hand Weapons
 a - a +1 shortbow
 A - a +0 falchion (weapon)
Missiles
 d - 64 arrows
Armour
 g - a +1 pair of gloves (melded)
 h - a +2 ring mail of cold resistance (melded)
 p - a +0 helmet (melded)
Jewellery
 B - a ring of wizardry (left branch)
Scrolls
 o - a scroll of recharging
 v - 3 scrolls of remove curse
 x - 2 scrolls of identify
 y - 2 scrolls of teleportation
 C - 3 scrolls of random uselessness
Potions
 c - a potion of magic {unknown}
 e - a potion of brilliance {unknown}
 j - 2 potions of lignification
 m - a potion of heal wounds {unknown}
 n - a potion of haste {unknown}
 q - a potion of flight
 r - a potion of cancellation {unknown}
 s - 2 potions of mutation {unknown}
 w - a potion of might {unknown}
 z - 4 potions of curing


   Skills:
 + Level 4.8 Fighting
   Level 2.9(3.3) Short Blades
 + Level 2.2(3.0) Long Blades
 * Level 9.8 Bows
 + Level 2.7 Armour
 - Level 1.3 Dodging
 - Level 0.4 Stealth


You had 7 spell levels left.
You didn't know any spells.

Dungeon Overview and Level Annotations

Branches:
Dungeon (5/15)             Temple (1/1) D:5

Altars:
Ashenzari
Cheibriados
Dithmenos
Elyvilon
Fedhas
Gozag
Kikubaaqudgha
Okawaru
Ru
Sif Muna
Uskayaw
Xom
Yredelemnul
Zin
The Shining One

Annotations:
D:5 1 transporter


Innate Abilities, Weirdness & Mutations

((You have hooves in place of feet.))
((Armour fits poorly on your strangely shaped body.))
((You cover ground very quickly.))
((You have extremely tough skin. (AC +3)))


Message History

The hippogriff pecks you but does no damage.
The hippogriff claws you but does no damage.
You hit the ogre.
The ogre is moderately wounded.
The hungry ghost hits you.
You feel slightly more hungry. The ogre hits you but does no damage.
The hippogriff bites you but does no damage.
The hippogriff pecks you but does no damage.
The hippogriff claws you.
* * * LOW HITPOINT WARNING * * *
Unknown command.
Unknown command.
Level annotation: 1 transporter Welcome back, mcbry the Centaur Hunter.
Okawaru says: Bring me glory in combat!
Press ? for a list of commands and other information.
The hungry ghost hits you.
* * * LOW HITPOINT WARNING * * *
You feel slightly more hungry. The hippogriff bites you.
You die...

#.# ##.........>.##.....
#.#######...........###.#..
#.#..................##..##
#...#########........###.#
######..##.......##......## #.##
##...##..#8$##.##.8#.....## ##..#
.....#...#_(##.##.(#.#..## ##....
....##...#_|....(H.#...## ##.....
....##...#.$....♣W.#©..# ##......
...###...#_).....O[#..####.......
....##.(.#_$##.##..#.## #........
.........#8H##.##.8#.# ##........
.........##aW.©...##.# #.........
#.........#########..# #(........
#...........?.......####.........
#.....##......#########..........
.....###.........#......###......


You could see a hippogriff, a hungry ghost and an ogre.

Vanquished Creatures
  An ice beast (D:5)
  2 phantoms (D:4)
  The ghost of sveltemanboy the Slasher, an amateur DsMo (D:3)
  A centaur (D:4)
  A crimson imp (D:5)
  2 centaur zombies (Ossuary)
  A hound (D:4)
  A centaur skeleton (D:5)
  2 orc wizards (D:3)
  2 bullfrog skeletons (D:4)
  4 orc priests
  4 worker ants
  A big kobold zombie (Ossuary)
  5 mummies
  8 adders
  An adder zombie (D:5)
  3 worms
  8 leopard geckos
  18 orcs
  7 ball pythons
  7 bats
  6 giant cockroaches
  A gnoll zombie (Ossuary)
  9 goblins
  8 hobgoblins
  A jackal (D:4)
  5 quokkas
  5 frilled lizards
  2 goblin zombies (Ossuary)
  7 kobolds
  A kobold zombie (Ossuary)
  An orc zombie (Ossuary)
  A quokka skeleton (D:5)
  9 rats
136 creatures vanquished.

Notes
Turn   | Place    | Note
-------+----------+-------------------------------------------
     0 | D:1      | mcbry the Centaur Hunter began the quest for the Orb.
     0 | D:1      | Reached XP level 1. HP: 17/17 MP: 1/1
    93 | D:1      | Reached XP level 2. HP: 20/24 MP: 2/2
   364 | D:1      | Reached skill level 6 in Bows
   750 | D:1      | Reached skill level 1 in Short Blades
  1045 | D:2      | Reached XP level 3. HP: 28/29 MP: 3/3
  1096 | D:2      | Found a faded altar of an unknown god.
  1281 | D:2      | Found a hide-covered altar of Uskayaw.
  1408 | D:2      | Found a glowing silver altar of Zin.
  1989 | D:3      | Noticed sveltemanboy's ghost (amateur DsMo)
  2061 | D:3      | Killed sveltemanboy's ghost
  2061 | D:3      | Reached skill level 7 in Bows
  2061 | D:3      | Reached XP level 4. HP: 37/37 MP: 4/4
  2061 | D:3      | Reached XP level 5. HP: 44/44 MP: 5/5
  2791 | D:3      | Reached skill level 1 in Armour
  2795 | D:3      | Reached XP level 6. HP: 17/51 MP: 6/6
  3346 | D:4      | Reached skill level 8 in Bows
  3553 | D:4      | Reached XP level 7. HP: 45/58 MP: 7/7
  3831 | D:4      | Reached skill level 1 in Long Blades
  4063 | D:4      | Reached skill level 9 in Bows
  4892 | D:5      | Entered Level 5 of the Dungeon
  4898 | D:5      | Found a staircase to the Ecumenical Temple.
  4905 | Temple   | Entered the Ecumenical Temple
  4957 | Temple   | Became a worshipper of Warmaster Okawaru
  5005 | D:5      | Noticed a hungry ghost
  5009 | D:5      | Noticed a hippogriff
  5063 | D:5      | Found a sacrificial altar of Ru.
  5129 | D:5      | Found a shadowy altar of Dithmenos.
  5131 | D:5      | Found a shimmering altar of Xom.
  5135 | D:5      | Found a deep blue altar of Sif Muna.
  5255 | D:5      | Found a sand-covered staircase.
  5358 | Ossuary  | Entered an ossuary
  5457 | Ossuary  | Reached XP level 8. HP: 47/67 MP: 8/8
  6852 | D:5      | HP: 3/100 [ogre/giant spiked club (12)]
  6854 | D:5      | HP: 1/100 [hungry ghost (1)]
  6854 | D:5      | Slain by a hippogriff

Vault maps used:
D:1:      dpeg_arrival_arbitrary_b
D:2:      lemuel_crystal_altar, zin_scriptorium,
          chequers_ecumenical_altar_simple_redux
D:3:      minmay_shallow_snake_nest
D:4:      first_bread
D:5:      gammafunk_temple_overflow_arena, temple_green,
          gup_ossuary_entry_pyramid
Temple:   eino_temple_scatter_basement
Ossuary:  ossuary_crypta

Skill      XL: |  1  2  3  4  5  6  7 |
---------------+----------------------+-----
Bows           | 6 7 8 9 |  9.8
Short Blades   | 1 2 |  2.9
Fighting       | 3 4 |  4.8
Armour         | 1 2 |  2.7
Long Blades    | 2 |  2.2
Dodging        | |  1.3
Stealth        | |  0.4

Action                   |  1- 3 |  4- 6 |  7- 9 || total
-------------------------+-------+-------+-------++-------
Melee: Short sword       |   135 |   133 |    41 ||   309
       Kick              |    22 |    33 |    61 ||   116
       Falchion          |       |       |   154 ||   154
 Fire: Shortbow          |    20 |    98 |   101 ||   219
  Use: Scroll            |       |       |    12 ||    12
       Potion            |       |       |     2 ||     2
  Eat: Chunk             |     2 |     5 |     6 ||    13
       Fruit             |       |       |     3 ||     3
       Bread ration      |       |       |     2 ||     2
Armor: Leather armour    |    65 |       |       ||    65
       Ring mail         |     2 |    69 |    95 ||   166
       Skin              |       |       |   105 ||   105
Dodge: Dodged            |    68 |    63 |    64 ||   195
       Rpst.: Falchion   |       |       |    17 ||    17
